 Dungeon Crawl Stone Soup version 0.24-a0-10-gb84795d (webtiles) character file.

Game seed: 15540257637262338855

420 Lanoc the Cudgeler (level 6, -6/62 HPs)
             Began as a Troll Fighter on Jan 31, 2019.
             Mangled by an ogre
             ... wielding a +0 giant club
              (21 damage)
             ... on level 4 of the Dungeon.
             The game lasted 00:05:20 (2574 turns).

Lanoc the Cudgeler (Troll Fighter)                  Turns: 2574, Time: 00:05:21

Health: -6/62      AC: 13    Str: 30 (31) XL:     6   Next: 62%
Magic:  5/5        EV: 11    Int:  3 (4)  God:
Gold:   172        SH:  0    Dex:  9 (11) Spells: 5/5 levels left

rFire    . . .     SeeInvis .   q - +0 mace (protect)
rCold    . . .     Gourm    +   (no shield)
rNeg     . . .     Faith    .   b - +0 robe
rPois    .         Spirit   .   (helmet restricted)
rElec    .         Reflect  .   (no cloak)
rCorr    .         Harm     .   (gloves unavailable)
MR       .....                  (boots unavailable)
Stlth    +.........             j - amulet of regeneration
HPRegen  1.00/turn              k - +4 ring of strength
MPRegen  0.09/turn              l - +2 ring of dexterity

@: protection aura
A: large, unfitting armour, claws 3, fast metabolism 3, gourmand, regeneration
1, shaggy fur 1, tough skin 3
a: no special abilities


You were on level 4 of the Dungeon.
You were very full.

You visited 1 branch of the dungeon, and saw 4 of its levels.

You collected 172 gold pieces.

Inventory:

Hand Weapons
 q - a +0 mace of protection (weapon)
Armour
 b - a +0 robe (worn)
Jewellery
 j - an amulet of regeneration (around neck)
 k - a +4 ring of strength (left claw)
 l - a +2 ring of dexterity (right claw)
Scrolls
 c - a scroll of remove curse {unknown}
 i - a scroll of magic mapping {unknown}
 p - a scroll of teleportation {unknown}
Potions
 d - a potion of might
 e - a potion of curing
 g - a potion of ambrosia {unknown}
 n - a potion of magic {unknown}
 o - a potion of cancellation {unknown}
Comestibles
 f - 6 rations


   Skills:
 + Level 3.7 Fighting
 * Level 4.7 Maces & Flails
 + Level 3.7 Dodging
   Level 2.4 Shields


You had 5 spell levels left.
You didn't know any spells.
Your spell library was empty.

Dungeon Overview and Level Annotations

Branches:
Dungeon (4/15)
 Temple: D:4-7

Altars:


Innate Abilities, Weirdness & Mutations

You are too large for most types of armour.
You have claws for hands.
Your metabolism is lightning-fast.
You like to eat raw meat.
Your natural rate of healing is unusually fast.
You are covered in fur. (AC +1)
You have extremely tough skin. (AC +3)


Message History

You hear a bark!
You hit the ogre.
The ogre is heavily wounded.
You hear a bark!
The adder bites you but does no damage. The ogre hits you with a +0 giant club!
* * * LOW HITPOINT WARNING * * *
It was a potion of curing.
You feel better. The adder barely misses you. The ogre closely misses you.
The adder barely misses you.
It was a potion of degeneration.
There was something very wrong with that liquid.
You feel weakened.
You feel dopey.
You feel clumsy.
A jackal comes into view.
The adder bites you.
* * * LOW HITPOINT WARNING * * *
You are poisoned.
The adder poisons you!
You feel better.
The ball python hisses angrily.
The ogre hits you with a +0 giant club!!
You die...
S

.. .. .. .#
...#########S##...
..h...O@Sa<.......
#.#######.....#...
#..........
#...........
#...........
#.o..a......
#...........
.......S....


You could see an ogre, a worker ant, an adder, a jackal and a ball python.

Vanquished Creatures
  The ghost of Klosterheim the Shield-Bearer, an amateur HaWr (D:3)
  A bullfrog skeleton (D:3)
  An orc priest (D:3)
  9 adders
  An ooze (D:1)
  A worm (D:3)
  5 dart slugs
  4 leopard geckos
  3 orcs (D:3)
  3 giant cockroaches
  11 goblins
  9 hobgoblins
  8 jackals
  12 kobolds
  A ball python (D:1)
  5 bats
  4 frilled lizards (D:1)
  A leopard gecko zombie (D:3)
  4 rats
84 creatures vanquished.

Notes
Turn   | Place    | Note
-------+----------+-------------------------------------------
     0 | D:1      | Lanoc the Troll Fighter began the quest for the Orb.
     0 | D:1      | Reached XP level 1. HP: 22/22 MP: 0/0
    80 | D:1      | Reached skill level 2 in Maces & Flails
   137 | D:1      | Reached XP level 2. HP: 29/29 MP: 1/1
   713 | D:2      | Reached XP level 3. HP: 34/36 MP: 2/2
   988 | D:2      | Reached skill level 3 in Maces & Flails
  1118 | D:2      | Reached XP level 4. HP: 43/44 MP: 3/3
  1651 | D:3      | Found a runed translucent gate.
  1651 | D:3      | Found a runed translucent gate.
  1651 | D:3      | Found a runed translucent gate.
  1701 | D:3      | Noticed Klosterheim's ghost (amateur HaWr)
  1739 | D:3      | Killed Klosterheim's ghost
  1739 | D:3      | Reached skill level 4 in Maces & Flails
  1739 | D:3      | Reached XP level 5. HP: 53/53 MP: 4/4
  1739 | D:3      | Reached XP level 6. HP: 61/61 MP: 5/5
  2574 | D:4      | Mangled by an ogre

Vault maps used:
D:1:      minmay_arrival_wavy_path
D:2:      kennysheep_the_goblin_king, marbit_many_paths,
          minmay_misc_feat_hallway
D:3:      gammafunk_ghost_necromancy, chequers_serial_rivers_micro_c,
          minmay_strange_pillars, minmay_misc_feat_tiny
D:4:      lemuel_crystal_altar, lemuel_zombie_altar_yredelemnul,
          cheibrodos_sewer_entry_sluice

Skill      XL: |  1  2  3  4 |
---------------+-------------+-----
Maces & Flails | 2 3 4 |  4.7
Dodging        | 3 |  3.7
Fighting       | 3 |  3.7
Shields        | |  2.4

Action                   |  1- 3 |  4- 6 || total
-------------------------+-------+-------++-------
Melee: Flail             |   112 |   161 ||   273
       Mace              |       |    21 ||    21
  Use: Potion            |       |     3 ||     3
 Stab: Sleeping          |       |     2 ||     2
  Eat: Chunk             |    16 |    13 ||    29
Armor: Robe              |    60 |    88 ||   148
Dodge: Dodged            |    73 |   125 ||   198

Table legend:
 A = Non-vault XP
 B = Vault XP
 C = Vault XP percentage of total XP
 D = Non-vault monster count
 E = Vault monster count
 F = Vault count percentage of total count
                 A         B        C        D         E       F
            +---------+---------+-------+---------+---------+-------
      Total |     299 |     301 |  50.2 |      74 |      10 |  11.9
            +---------+---------+-------+---------+---------+-------
        D:1 |      32 |       0 |   0.0 |      17 |       0 |   0.0
        D:2 |      90 |      12 |  11.8 |      22 |       7 |  24.1
        D:3 |     177 |     289 |  62.0 |      35 |       3 |   7.9
            +---------+---------+-------+---------+---------+-------
